 Dungeon Crawl Stone Soup version 0.25-a0-869-g05d4e06a41 (webtiles) character file.

Game seed: 16484034639259515357, levelgen mode: deterministic

2907 gruber the Martial Artist (level 9, -2/102 HPs)
             Began as a Gnoll Transmuter on Apr 30, 2020.
             Slain by an ice beast (7 damage)
             ... on level 7 of the Dungeon.
             The game lasted 00:09:10 (5752 turns).

gruber the Martial Artist (Gnoll Transmuter)        Turns: 5752, Time: 00:09:10

Health: -2/102     AC: 24    Str: 16    XL:     9   Next: 78%
Magic:  26/28      EV:  2    Int: 19    God:
Gold:   267        SH:  0    Dex: 16    Spells: 11/21 levels left

rFire    . . .     SeeInvis .     - Unarmed
rCold    . . .     Gourm    .   (no shield)
rNeg     + + +     Faith    .   (armour currently unavailable)
rPois    +         Spirit   .   (helmet currently unavailable)
rElec    .         Reflect  .   (cloak currently unavailable)
rCorr    .         Harm     .   (gloves currently unavailable)
MR       .....     NoTele   +   (boots currently unavailable)
Stlth    +++.......             (no amulet)
HPRegen  0.27/turn              u - ring of magical power
MPRegen  0.21/turn              o - +4 ring of strength

@: lethally poisoned (-2 -> -6), tree-form (expiring), very slightly
contaminated
A: distributed training, strong nose
a: no special abilities


You were on level 7 of the Dungeon.
You were hungry.
You were a tree.
You visited 1 branch of the dungeon, and saw 7 of its levels.

You collected 267 gold pieces.

Inventory:

Missiles
 a - 108 arrows
 m - 7 javelins (quivered)
 r - 4 curare-tipped darts
Armour
 b - a +0 robe
 h - a +1 cloak (melded)
 t - a +3 ring mail (melded)
Jewellery
 n - an uncursed ring of resist corrosion
 o - a +4 ring of strength (right branch)
 u - a ring of magical power (left branch)
Wands
 c - a wand of scattershot (4)
 w - a wand of enslavement (6)
 z - a wand of digging (3)
Scrolls
 e - 3 scrolls of random uselessness
 f - 2 scrolls of enchant weapon
 i - 3 scrolls of identify
 j - 3 scrolls of enchant armour
 k - 2 scrolls of teleportation
 p - a scroll of amnesia {unknown}
 v - 2 scrolls of fear {unknown}
 y - 2 scrolls of magic mapping
Potions
 g - a potion of lignification
 l - 2 potions of might {unknown}
 q - a potion of curing {unknown}
 s - 2 potions of degeneration {unknown}
 x - a potion of mutation {unknown}
Comestibles
 d - 12 rations
 A - 2 chunks of flesh


   Skills:
 + Level 5.2 Fighting
 + Level 4.5 Short Blades
 + Level 4.5 Long Blades
 + Level 4.5 Axes
 + Level 4.5 Maces & Flails
 + Level 4.5 Polearms
 + Level 4.5 Staves
 + Level 4.5 Slings
 + Level 4.5 Bows
 + Level 4.5 Crossbows
 + Level 4.5 Throwing
 + Level 4.5 Armour
 + Level 6.5 Dodging
 + Level 4.5 Stealth
 + Level 4.5 Shields
 + Level 8.0 Unarmed Combat
 + Level 6.8 Spellcasting
 + Level 3.7 Conjurations
 + Level 3.7 Hexes
 + Level 3.7 Charms
 + Level 3.7 Summonings
 + Level 3.7 Necromancy
 + Level 3.7 Translocations
 + Level 5.3 Transmutations
 + Level 3.7 Fire Magic
 + Level 3.7 Ice Magic
 + Level 3.7 Air Magic
 + Level 3.7 Earth Magic
 + Level 3.7 Poison Magic
 + Level 4.9 Invocations
 + Level 4.5 Evocations


You had 11 spell levels left.
You knew the following spells:

 Your Spells              Type           Power        Failure   Level  Hunger
a - Beastly Appendage     Tmut           ####..       1%          1    None
b - Sticks to Snakes      Tmut           ####....     1%          2    None
c - Spider Form           Tmut/Pois      ###.......   4%          3    ##.....
d - Ice Form              Ice/Tmut       ###.....     16%         4    ####...

Your spell library contained the following spells:

 Spells                   Type           Power        Failure   Level  Hunger
 Corona                   Hex            ###....      2%          1    None
 Ensorcelled Hibernation  Hex/Ice        ###...       3%          2    None
 Confusing Touch          Hex            ###.....     7%          3    ##.....
 Dazzling Flash           Conj/Hex       ###...       7%          3    ##.....
 Tukima's Dance           Hex            ###.....     7%          3    ##.....
 Blade Hands              Tmut           ####......   30%         5    #####..


Dungeon Overview and Level Annotations

Branches:
Dungeon (7/15)
 Temple: D:4-7

Altars:
Ashenzari
Dithmenos
Fedhas
Gozag
Makhleb
Qazlal
Sif Muna
Trog

Annotations:
D:3 3 runed translucent doors, 2 transporters, balackLT's ghost, amateur GrWr


Innate Abilities, Weirdness & Mutations

Your experience applies equally to all skills.
((You have very sharp teeth.))
Your uncanny sense of smell can sniff out nearby items.


Message History

The killer bee stings you but does no damage. x2
The centaur hits you but does no damage.
You pummel the killer bee!!
You kill the killer bee!
You feel sick.
The leopard gecko bites you but does no damage.
The centaur hits you.
* * * LOW HITPOINT WARNING * * *
The leopard gecko barely misses you.
Unknown command.
Unknown command.
You smack the ice beast!
The ice beast is moderately wounded.
Your transformation is almost over.
You feel sick.
The centaur hits you but does no damage.
The ice beast hits you.
* * * LOW HITPOINT WARNING * * *
The ice beast freezes you!
You die...

#......>^Y. ..
#........##.#.#..
#......(.........
#................
#...(..###.......
#...(..# .##....
#.(....# .# ...
####'#####5##....
#....c♣l......
#....Y##......
#.....##..###.
#.######..###
#.######....#
#...........# #
###.........#.##.#
#.####........ #.#
#.#+##.##.#


You could see an ice beast, a centaur, a crimson imp and a leopard gecko.

Vanquished Creatures
  A hippogriff (D:7)
  Sigmund (D:3)
  Duvessa (D:5)
  2 sky beasts (D:6)
  3 phantoms
  A black bear (D:6)
  2 ogres (D:6)
  2 centaurs
  2 bullfrogs
  Dowan (D:5)
  2 scorpions
  4 killer bees (D:7)
  4 howler monkeys
  A crimson imp (D:3)
  A jelly (D:6)
  A hound (D:4)
  2 centaur skeletons (D:4)
  A bullfrog skeleton (D:5)
  4 orc priests
  2 iguanas
  7 orc wizards
  6 worker ants
  A hound zombie (D:7)
  A gnoll (D:5)
  15 adders
  A shadow imp (D:6)
  An ooze (D:3)
  3 worms
  2 dart slugs (D:3)
  8 leopard geckos
  24 orcs
  12 bats
  5 giant cockroaches
  6 goblins
  5 hobgoblins
  8 jackals
  9 kobolds
  A quokka (D:3)
  7 frilled lizards
  A quokka zombie (D:7)
  13 rats
174 creatures vanquished.

Vanquished Creatures (others)
  An orc (D:6)
  3 fungi (D:3)
4 creatures vanquished.

Grand Total: 178 creatures vanquished

Notes
Turn   | Place    | Note
-------+----------+-------------------------------------------
     0 | D:1      | gruber the Gnoll Transmuter began the quest for the Orb.
     0 | D:1      | Reached XP level 1. HP: 17/17 MP: 6/6
   160 | D:1      | Reached XP level 2. HP: 14/23 MP: 5/7
   318 | D:1      | Learned a level 2 spell: Sticks to Snakes
   650 | D:2      | Reached XP level 3. HP: 25/28 MP: 9/9
   660 | D:2      | Learned a level 3 spell: Spider Form
   673 | D:2      | Reached skill level 5 in Spellcasting
   704 | D:2      | Found a shattered altar of Ashenzari.
   868 | D:2      | Reached skill level 1 in Invocations
  1014 | D:2      | Found an opulent altar of Gozag.
  1233 | D:2      | Reached skill level 1 in Short Blades
  1233 | D:2      | Reached skill level 1 in Long Blades
  1233 | D:2      | Reached skill level 1 in Axes
  1233 | D:2      | Reached skill level 1 in Maces & Flails
  1233 | D:2      | Reached skill level 1 in Polearms
  1233 | D:2      | Reached skill level 1 in Staves
  1233 | D:2      | Reached skill level 1 in Slings
  1233 | D:2      | Reached skill level 1 in Bows
  1233 | D:2      | Reached skill level 1 in Crossbows
  1233 | D:2      | Reached skill level 1 in Throwing
  1233 | D:2      | Reached skill level 1 in Armour
  1233 | D:2      | Reached skill level 1 in Stealth
  1233 | D:2      | Reached skill level 1 in Shields
  1233 | D:2      | Reached skill level 1 in Evocations
  1298 | D:2      | Reached XP level 4. HP: 34/34 MP: 7/11
  1389 | D:2      | Reached skill level 1 in Conjurations
  1389 | D:2      | Reached skill level 1 in Hexes
  1389 | D:2      | Reached skill level 1 in Charms
  1389 | D:2      | Reached skill level 1 in Summonings
  1389 | D:2      | Reached skill level 1 in Necromancy
  1389 | D:2      | Reached skill level 1 in Translocations
  1389 | D:2      | Reached skill level 1 in Fire Magic
  1389 | D:2      | Reached skill level 1 in Ice Magic
  1389 | D:2      | Reached skill level 1 in Air Magic
  1389 | D:2      | Reached skill level 1 in Earth Magic
  1389 | D:2      | Reached skill level 1 in Poison Magic
  1621 | D:3      | Reached XP level 5. HP: 40/40 MP: 8/12
  1631 | D:3      | Found a runed translucent gate.
  1632 | D:3      | Found a runed translucent gate.
  1650 | D:3      | Noticed balackLT's ghost (amateur GrWr)
  1651 | D:3      | Found a runed translucent gate.
  1651 | D:3      | Noticed a big kobold
  1651 | D:3      | Noticed a big kobold
  1651 | D:3      | Noticed a big kobold
  1808 | D:3      | Found a blossoming altar of Fedhas.
  1895 | D:3      | Found a transporter.
  1907 | D:3      | Noticed a kobold demonologist
  1943 | D:3      | Found a transporter.
  1968 | D:3      | Noticed Sigmund
  1980 | D:3      | Killed Sigmund
  1980 | D:3      | Reached skill level 5 in Dodging
  1980 | D:3      | Reached XP level 6. HP: 39/47 MP: 14/14
  2437 | D:3      | Found a burning altar of Makhleb.
  2437 | D:3      | Noticed a green death
  2665 | D:4      | Reached XP level 7. HP: 46/52 MP: 11/15
  2684 | D:4      | Reached skill level 7 in Unarmed Combat
  2697 | D:4      | Learned a level 4 spell: Ice Form
  2866 | D:4      | Found a shadowy altar of Dithmenos.
  2918 | D:4      | Reached XP level 8. HP: 55/60 MP: 13/16
  2936 | D:4      | Found a stormy altar of Qazlal.
  2936 | D:4      | Found a bloodstained altar of Trog.
  3212 | D:5      | Entered Level 5 of the Dungeon
  3281 | D:5      | Found a shimmering blue altar of Sif Muna.
  3419 | D:5      | Noticed Dowan
  3427 | D:5      | Noticed Duvessa
  3433 | D:5      | Killed Dowan
  3448 | D:5      | Killed Duvessa
  4455 | D:6      | Reached XP level 9. HP: 65/66 MP: 18/18
  4476 | D:6      | Reached skill level 5 in Transmutations
  4979 | D:6      | Reached skill level 5 in Fighting
  5406 | D:6      | Found a shimmering blue altar of Sif Muna.
  5534 | D:7      | Reached skill level 8 in Unarmed Combat
  5752 | D:7      | HP: 5/102 [ice beast (3)]
  5752 | D:7      | Slain by an ice beast

Levels and vault maps discovered:
D:1:      dpeg_arrival_erosion, layout_basic, chequers_serial_rivers_micro_e
D:2:      layout_loops_corners, lemuel_round_altar, overflow_temple_1_default,
          st_stairs_1
D:3:      gammafunk_wand_slinger, layout_loops_corners, fedhas_ov_isle_minmay,
          gammafunk_ghost_nasty_kobolds, minmay_crystal_room,
          makhleb_altar_promises_db, uniq_sigmund
D:4:      layout_cave_pools, grunt_dithmenos_shadows,
          grunt_temple_overflow_open, first_ration
D:5:      minmay_octagon_keep, layout_loops_cross, basic_altar, chequers_avenue,
          uniq_duvessa
D:6:      layout_rooms, led_sif_pool
D:7:      layout_basic, minmay_temple_entry_hall

Skill      XL: |  1  2  3  4  5  6  7  8  9 |
---------------+----------------------------+-----
Spellcasting   | 5 6 |  6.8
Invocations    | 1 2 3 4 |  4.9
Short Blades   | 1 2 3 4 |  4.5
Long Blades    | 1 2 3 4 |  4.5
Axes           | 1 2 3 4 |  4.5
Maces & Flails | 1 2 3 4 |  4.5
Polearms       | 1 2 3 4 |  4.5
Staves         | 1 2 3 4 |  4.5
Slings         | 1 2 3 4 |  4.5
Bows           | 1 2 3 4 |  4.5
Crossbows      | 1 2 3 4 |  4.5
Throwing       | 1 2 3 4 |  4.5
Armour         | 1 2 3 4 |  4.5
Stealth        | 1 2 3 4 |  4.5
Shields        | 1 2 3 4 |  4.5
Evocations     | 1 2 3 4 |  4.5
Conjurations   | 1 2 3 |  3.7
Hexes          | 1 2 3 |  3.7
Charms         | 1 2 3 |  3.7
Summonings     | 1 2 3 |  3.7
Necromancy     | 1 2 3 |  3.7
Translocations | 1 2 3 |  3.7
Fire Magic     | 1 2 3 |  3.7
Ice Magic      | 1 2 3 |  3.7
Air Magic      | 1 2 3 |  3.7
Earth Magic    | 1 2 3 |  3.7
Poison Magic   | 1 2 3 |  3.7
Fighting       | 3 4 5 |  5.2
Dodging        | 5 6 |  6.5
Transmutations | 4 5 |  5.3
Unarmed Combat | 7 8 |  8.0

Action                   |  1- 3 |  4- 6 |  7- 9 || total
-------------------------+-------+-------+-------++-------
Melee: Unarmed           |   110 |    88 |   323 ||   521
       Kick              |     4 |       |       ||     4
       Bite              |     7 |     3 |     7 ||    17
       Punch             |     5 |     1 |     2 ||     8
       Headbutt          |     2 |       |       ||     2
 Cast: Beastly Appendage |    15 |       |     1 ||    16
       Spider Form       |     4 |    12 |    26 ||    42
       Ice Form          |       |       |     2 ||     2
  Use: Potion            |     2 |       |       ||     2
       Scroll            |       |     9 |       ||     9
 Stab: Sleeping          |     1 |     2 |     5 ||     8
  Eat: Chunk             |     1 |     6 |     8 ||    15
       Ration            |       |       |     1 ||     1
Armor: Robe              |    18 |     5 |     5 ||    28
       Skin              |     2 |     1 |    36 ||    39
       Ring mail         |       |       |    10 ||    10
Dodge: Dodged            |    93 |    77 |   235 ||   405

Table legend:
 A = Non-vault XP
 B = Vault XP
 C = Vault XP percentage of total XP
 D = Non-vault monster count
 E = Vault monster count
 F = Vault count percentage of total count
                 A         B        C        D         E       F
            +---------+---------+-------+---------+---------+-------
      Total |    3411 |     742 |  17.9 |     161 |      13 |   7.5
            +---------+---------+-------+---------+---------+-------
        D:1 |      29 |       0 |   0.0 |      18 |       0 |   0.0
        D:2 |     118 |      15 |  11.3 |      33 |       2 |   5.7
        D:3 |     109 |     205 |  65.3 |      20 |       1 |   4.8
        D:4 |     818 |     125 |  13.3 |      28 |       1 |   3.4
        D:5 |     457 |     397 |  46.5 |      17 |       9 |  34.6
        D:6 |    1083 |       0 |   0.0 |      26 |       0 |   0.0
        D:7 |     797 |       0 |   0.0 |      19 |       0 |   0.0
            +---------+---------+-------+---------+---------+-------
